 Dungeon Crawl Stone Soup version 0.19-a0 (webtiles) character file.

196 SkaryMonk the Geomancer (level 5, -2/31 HPs)
             Began as an Octopode Earth Elementalist on Apr 27, 2016.
             Slain by a hobgoblin
             ... wielding a +0 club
              (4 damage)
             ... on level 3 of the Dungeon.
             The game lasted 00:31:27 (1896 turns).

SkaryMonk the Geomancer (OpEE)                      Turns: 1896, Time: 00:31:27

Health: -2/31      AC:  1    Str: 12    XL:     5   Next: 75%
Magic:  3/8        EV: 18    Int: 18    God:
Gold:   142        SH:  0    Dex: 18    Spells: 2 memorised, 4 levels left

rFire  . . .     SeeInvis .     a - +0 club
rCold  . . .     Gourm    .     (no shield)
rNeg   . . .     Faith    .     (helmet restricted)
rPois  .         Spirit   .     (no amulet)
rElec  .         Dismiss  .     (no ring)
rCorr  .         Reflect  .     (no ring)
SustAt .         Harm     .     (no ring)
MR     .....                    (no ring)
Stlth  +++++.....               (no ring)
                                (no ring)
                                (no ring)
                                (no ring)

@: mighty, agile, lethally poisoned (-2 -> -8), not resistant to hostile
enchantments, quite stealthy
A: almost no armour, amphibious, 8 rings, constrict 8, camouflage 1, gelatinous
body 1
a: no special abilities


You were on level 3 of the Dungeon.
You were not hungry.

You visited 1 branch of the dungeon, and saw 3 of its levels.

You collected 142 gold pieces.

Notes
Turn   | Place    | Note
--------------------------------------------------------------
     0 | D:1      | SkaryMonk the Octopode Earth Elementalist began the quest for the Orb.
     0 | D:1      | Reached XP level 1. HP: 11/11 MP: 3/3
    38 | D:1      | You fall through a shaft!
   101 | D:2      | Reached XP level 2. HP: 17/17 MP: 5/5
   552 | D:1      | Reached skill level 4 in Earth Magic
   641 | D:1      | Reached XP level 3. HP: 17/21 MP: 3/6
   712 | D:2      | Found a stormy altar of Qazlal.
   727 | D:2      | Found a sparkling altar of Nemelex Xobeh.
   750 | D:2      | Found a glowing silver altar of Zin.
   764 | D:2      | Found a sacrificial altar of Ru.
   899 | D:2      | Reached XP level 4. HP: 13/27 MP: 7/7
   912 | D:2      | Learned a level 3 spell: Stone Arrow
  1325 | D:2      | Reached skill level 5 in Earth Magic
  1335 | D:2      | Found a bloodstained altar of Trog.
  1894 | D:3      | Reached skill level 12 in Earth Magic
  1894 | D:3      | Reached XP level 5. HP: 4/31 MP: 2/8
  1896 | D:3      | Slain by a hobgoblin

Inventory:

Hand Weapons
 a - a +0 club (weapon)
Missiles
 b - 28 stones (quivered)
Jewellery
 f - a +5 ring of dexterity {unknown}
 j - an uncursed ring of wizardry {unknown}
Scrolls
 d - a scroll of fog {unknown}
 e - a scroll of enchant weapon {unknown}
 l - 2 scrolls of magic mapping {unknown}
 m - 2 scrolls of teleportation {unknown}
 p - a scroll of fear {unknown}
 s - 2 scrolls of identify {unknown}
Potions
 o - a potion of agility
Books
 g - a book of Geomancy

   Spells                             Type                      Level
   a - Sandblast                      Earth                        1
   b - Passwall                       Transmutation/Earth          2
   c - Stone Arrow                    Conjuration/Earth            3
   d - Petrify                        Transmutation/Earth          4
   e - Lee's Rapid Deconstruction     Earth                        5
Comestibles
 c - a bread ration
 i - 5 fruits
 k - a meat ration
 n - a beef jerky
 q - a slice of pizza
 t - 2 chunks of flesh

Table legend:
 A = Turns spent in this place as a percentage of turns spent in the entire game.
 B = Non-inter-level travel turns spent in this place as a percentage of non-inter-level travel turns spent in the entire game.
 C = Inter-level travel turns spent in this place as a percentage of turns spent in this place.
 D = Turns resting spent in this place as a percentage of non-inter-level travel turns spent in this place.
 E = Turns spent auto-exploring this place as a percentage of non-inter-level travel turns spent in this place.
 F = Non-inter-level travel turns spent in this place divided by the number of levels of this place that you've seen.
                   A       B       C       D       E      F
               +-------+-------+-------+-------+-------+----------------------
         Total | 100.0 | 100.0 |   0.9 |   2.8 |  14.3 | 153.3
       Dungeon | 100.0 | 100.0 |   0.9 |   2.8 |  14.3 | 153.3
               +-------+-------+-------+-------+-------+----------------------


   Skills:
 - Level 2.0 Dodging
 - Level 2.6 Stealth
 - Level 2.0 Spellcasting
   Level 1.0 Transmutations
 + Level 12.2 Earth Magic


You had 4 spell levels left.
You knew the following spells:

 Your Spells              Type           Power        Failure   Level  Hunger
a - Sandblast             Erth           #####.       1%          1    #......
b - Stone Arrow           Conj/Erth      ###...       4%          3    ###....


Dungeon Overview and Level Annotations

Branches:
Dungeon (3/15)

Altars:
Nemelex Xobeh
Qazlal
Ru
Trog
Zin


Innate Abilities, Weirdness & Mutations

You cannot wear most types of armour.
You are amphibious.
You can wear up to eight rings at the same time.
You can use your tentacles to constrict eight enemies at once.
Your skin changes colour to match your surroundings (Stealth).
Your rubbery body absorbs attacks (AC +1).


Message History

Your Earth Magic skill gained 7 levels and is now at level 12!
You have reached level 5!
You feel agile.
* * * LOW HITPOINT WARNING * * *
You feel sick. The quokka barely misses you. The adder barely misses you.
The hobgoblin hits you but does no damage.
The quokka closely misses you.
Drink which item? (? for menu, Esc to quit)
It was a potion of might.
You feel very mighty all of a sudden.
* * * LOW HITPOINT WARNING * * *
You feel sick. The adder misses you.
The quokka bites you but does no damage.
The hobgoblin misses you.
You barely miss the adder. You grab the adder.
The adder is severely wounded.
You constrict the adder.
You kill the adder!
The quokka barely misses you. The hobgoblin hits you with a club.
You die...

##..........#
###.....$......
.................#
..................#
...................#
.............).......
..............r.......
#..............@g%.....
#...............†......
#......................
#......................
##......................
...................?....
##................######
#..........<.....##
#...............##


You could see a quokka and a hobgoblin.

Table legend:
 A = Kills in this place as a percentage of kills in entire the game.
 B = Kills by you in this place as a percentage of kills by you in the entire game.
 C = Kills by friends in this place as a percentage of kills by friends in the entire game.
 D = Other kills in this place as a percentage of other kills in the entire game.
 E = Experience gained in this place as a percentage of experience gained in the entire game.
 F = Experience gained in this place divided by the number of levels of this place that you have seen.
                   A       B       C       D       E      F
               +-------+-------+-------+-------+-------+----------------------
         Total | 100.0 | 100.0 |  -nan |  -nan | 100.0 |  50.3
       Dungeon | 100.0 | 100.0 |  -nan |  -nan | 100.0 |  50.3
               +-------+-------+-------+-------+-------+----------------------

Vanquished Creatures
  5 adders
  An ooze (D:2)
  A dart slug (D:2)
  3 giant geckos
  A ball python (D:1)
  4 giant cockroaches
  8 goblins
  7 hobgoblins
  4 jackals (D:2)
  4 bats
  2 giant newts
  4 kobolds
  6 rats
50 creatures vanquished.

Action                   |  1- 3 |  4- 6 || total
-------------------------+-------+-------++-------
Melee: Unarmed           |     6 |       ||     6
       Club              |    32 |    16 ||    48
       Constrict         |    11 |     3 ||    14
       Tentacles         |     9 |     1 ||    10
 Cast: Sandblast         |    31 |    30 ||    61
       Stone Arrow       |       |     2 ||     2
  Use: Potion            |       |     3 ||     3
 Stab: Sleeping          |     4 |     2 ||     6
  Eat: Chunk             |       |     4 ||     4
Armor: Skin              |     2 |     3 ||     5
Dodge: Dodged            |    32 |    30 ||    62

Vault maps used:
D:1:      moated_graveyard_arrival
D:2:      lemuel_round_altar, nicolae_overflow_quartered_altars,
          kennysheep_doodads, minmay_misc_feat_columns, grunt_decor_one_mirror
D:3:      grunt_temple_overflow_magic_moments, tgw_xom
